 Dungeon Crawl Stone Soup version 0.17.0-23-g0de4337 (console) character file.

17 gw the Insei (level 2, -2/24 HPs)
             Began as a Human Monk on Nov 14, 2015.
             Slain by a jackal (3 damage)
             ... on level 1 of the Dungeon.
             The game lasted 00:00:29 (363 turns).

gw the Insei (Human Monk)                            Turns: 363, Time: 00:00:30

Health: -2/24      AC:  3    Str: 11    XL:     2   Next: 80%
Magic:  2/2        EV: 13    Int: 10    God:
Gold:   0          SH:  0    Dex: 15    Spells: 0 memorised, 1 level left

rFire  . . .     SeeInvis .       - Unarmed
rCold  . . .     Clarity  .     a - +0 robe
rNeg   . . .     SustAt   .     (no shield)
rPois  .         Gourm    .     d - +0 helmet
rElec  .         Spirit   .     (no cloak)
rCorr  .         Warding  .     (no gloves)
rMut   .         Stasis   .     (no boots)
MR     .....                    (no amulet)
Stlth  ++........               (no ring)
                                (no ring)

@: not resistant to hostile enchantments, unstealthy
A: no striking features
a: no special abilities


You were on level 1 of the Dungeon.
You were not hungry.

You visited 1 branch of the dungeon, and saw 1 of its levels.

Inventory:

Missiles
 c - 16 stones (quivered)
Armour
 a - a +0 robe (worn)
 d - a +0 helmet (worn)
Scrolls
 g - a scroll of immolation {unknown}
Potions
 e - a potion of cancellation {unknown}
 f - a potion of curing {unknown}
Comestibles
 b - a bread ration


   Skills:
 + Level 3.0 Fighting
 + Level 0.8 Armour
 - Level 3.0 Dodging
 - Level 2.0 Stealth
 * Level 4.5 Unarmed Combat


You had one spell level left.
You didn't know any spells.

Dungeon Overview and Level Annotations

Branches:
Dungeon (1/15)

Altars:


Message History

The jackal misses you. The hobgoblin hits you with a club.
MOVING TO (-4,4)
You closely miss the jackal.
The jackal is moderately wounded.
The jackal bites you. The hobgoblin hits you with a club.
The jackal closely misses you.
MOVING TO (-3,4)
You hit the jackal.
You kill the jackal!
The hobgoblin closely misses you.
MOVING TO (-2,4) MOVING TO (-2,3)
You hit the jackal.
The jackal is heavily wounded.
The jackal barely misses you. The hobgoblin hits you with a club.
ATTACKING (-1,-1)
You hit the hobgoblin.
The hobgoblin is moderately wounded.
The jackal bites you.
You die...

.....#.##...###.#####
.... #. #..## .# .#.
#. #..# # # .. #..#
.. #..# #.. #..#
##.##..### #
#...$...g##.#####
.....##...hp.......
#.?.......#####.###
...#.#....# .?
#......# # ###....#
##.#.# ###.. ##


You could see a jackal and a hobgoblin.

Table legend:
 A = Turns spent in this place as a percentage of turns spent in the entire game.
 B = Non-inter-level travel turns spent in this place as a percentage of non-inter-level travel turns spent in the entire game.
 C = Inter-level travel turns spent in this place as a percentage of turns spent in this place.
 D = Turns resting spent in this place as a percentage of non-inter-level travel turns spent in this place.
 E = Turns spent auto-exploring this place as a percentage of non-inter-level travel turns spent in this place.
 F = Non-inter-level travel turns spent in this place divided by the number of levels of this place that you've seen.
                   A       B       C       D       E      F
               +-------+-------+-------+-------+-------+----------------------
         Total | 100.0 | 100.0 |   0.0 |   1.2 |   2.2 | 640.0
       Dungeon | 100.0 | 100.0 |   0.0 |   1.2 |   2.2 | 640.0
               +-------+-------+-------+-------+-------+----------------------

Table legend:
 A = Kills in this place as a percentage of kills in entire the game.
 B = Kills by you in this place as a percentage of kills by you in the entire game.
 C = Kills by friends in this place as a percentage of kills by friends in the entire game.
 D = Other kills in this place as a percentage of other kills in the entire game.
 E = Experience gained in this place as a percentage of experience gained in the entire game.
 F = Experience gained in this place divided by the number of levels of this place that you have seen.
                   A       B       C       D       E      F
               +-------+-------+-------+-------+-------+----------------------
         Total | 100.0 | 100.0 |  -nan |  -nan | 100.0 |  25.0
       Dungeon | 100.0 | 100.0 |  -nan |  -nan | 100.0 |  25.0
               +-------+-------+-------+-------+-------+----------------------

Vanquished Creatures
  2 oozes (D:1)
  A bat (D:1)
  2 goblins (D:1)
  A hobgoblin (D:1)
  A kobold (D:1)
  A jackal (D:1)
  A rat (D:1)
9 creatures vanquished.

Notes
Turn   | Place    | Note
--------------------------------------------------------------
     0 | D:1      | gw the Human Monk began the quest for the Orb.
     0 | D:1      | Reached XP level 1. HP: 18/18 MP: 1/1
   110 | D:1      | Reached XP level 2. HP: 18/24 MP: 2/2
   362 | D:1      | HP: 1/24 [hobgoblin/club (4)]
   363 | D:1      | Slain by a jackal

Action                   || total
-------------------------++-------
Melee: Unarmed           ||    36
Throw: Stone             ||    10
 Stab: Sleeping          ||     2

Vault maps used:
D:1:      erik_arrival_gehennom, okawaru_ov_weapons_minmay
